[Event "LEM Niedersachsen-Meister 2025"]
[Site "Verden"]
[Date "2025.01.03"]
[Round "4.15"]
[White "Gaertner, Alessandro"]
[Black "Celik, Abdullah"]
[Result "1-0"]
[ECO "A21"]
[WhiteElo "1970"]
[BlackElo "2032"]
[Annotator "RC"]
[PlyCount "121"]
[EventDate "2024.12.27"]
[EventType "swiss"]
[EventCountry "GER"]
[SourceTitle "playchess.com"]
[Source "ChessBase"]
[SourceQuality "1"]
[TimeControl "40/5400+30:1800+30"]

1. c4 e5 2. Nc3 Bb4 3. g3 Bxc3 4. bxc3 d6 5. Bg2 Nd7 6. d3 Ne7 7. Nf3 O-O 8. O-O h6 9. Rb1 f5 10. Ne1 c6 11. Nc2 g5 12. f4 Ng6 13. e3 Nf6 14. Ba3 Rf7 15. Qe2 Rg7 16. Kh1 Kh7 17. Rbe1 e4 18. Nd4 g4 19. dxe4 fxe4 20. Rd1 a6 21. Qc2 c5 22. Nb3 Qe7 23. Qd2 Ne8 24. Qd5 Rb8 25. Bxe4 b6 26. Qd3 Nf6 27. Bg2 Bb7 28. Rfe1 Ne4 29. Kg1 Re8 30. Nd2 Nf8 31. Nxe4 Bxe4 32. Bxe4+ Qxe4 33. Qxe4+ Rxe4 34. Rxd6 Rg6 35. Rd8 Kg7 36. Kf2 Rxc4 37. e4 Ra4 38. Bb2 Rxa2 39. Re2 c4 40. e5 Rc6 41. f5 Rc5 42. Ke1 Rb5 43. Rdd2 Nh7 44. f6+ Kg6 45. Rd7 Ng5 46. Rg7+ Kh5 47. Rxg5+ Kxg5 48. f7 Raxb2 49. f8=Q Rxe2+ 50. Kxe2 Rxe5+ 51. Kd2 Rf5 52. Qd8+ Rf6 53. Qd5+ Kg6 54. Qxc4 b5 55. Qxg4+ Kf7 56. Kd3 Re6 57. Qf5+ Ke7 58. h4 Rd6+ 59. Kc2 Rf6 60. Qe5+ Re6 61. Qg7+ 1-0